 Dungeon Crawl Stone Soup version 0.31-a0-496-g6f97920a28 (webtiles) character file.

Game seed: 3356480909995920226

3728 kae the Mimic (level 9, -4/64 HPs)
             Began as a Purple Draconian Shapeshifter on Aug 8, 2023.
             Was an Initiate of Ru.
             Slain by a vampire (11 damage)
             ... on level 8 of the Dungeon.
             The game lasted 00:08:02 (7132 turns).

kae the Mimic (Purple Draconian Shapeshifter)       Turns: 7132, Time: 00:08:03

Health: -4/64      AC:  9    Str: 19    XL:     9   Next: 92%
Magic:  9/9        EV: 12    Int:  8    God:    Ru [......]
Gold:   274        SH:  0    Dex: 21    Spells: 8/8 levels left

rFire   . .          .
                       - Unarmed
rCold   . . .        (no shield)
rNeg    . . .        (body armour unavailable)
rPois   .            (helmet currently unavailable)
rElec   .            (cloak currently unavailable)
rCorr   .            (gloves currently unavailable)
SInv    .            (boots currently unavailable)
Will    +....        A - amulet of the acrobat
Stlth   ++           O - +2 ring of protection
HPRegen 0.30/turn    D - +6 ring of dexterity
MPRegen 0.11/turn

%: acrobat
@: lethally poisoned (-4 -> -5), beast-form, on berserk cooldown, slowed, very
slow
A: beast (slay +4), breathe power, AC +7, unfitting armour, cold-blooded
a: Breathe Dispelling Energy, Begin Untransformation, Renounce Religion


You were on level 8 of the Dungeon.
You worshipped Ru.
Ru was noncommittal.
You were a hulking beast.
You visited 2 branches of the dungeon, and saw 9 of its levels.

You collected 428 gold pieces.
You spent 154 gold pieces at shops.


Innate Abilities, Weirdness & Mutations

You are a hulking beast.
Your limbs bulge with bestial killing power. (Slay +4)
You can breathe bolts of dispelling energy.
Your rich purple scales are hard. (AC +7)
You cannot fit into any form of body armour.
You are cold-blooded and may be slowed by cold attacks.


   Skills:
 - Level 1.1 Fighting
 - Level 1.7 Dodging
 + Level 9.4 Unarmed Combat
 - Level 10.0 Shapeshifting


You had 8 spell levels left.
You didn't know any spells.
Your spell library contained the following spells:

 Spells                   Type           Power      Damage    Failure   Level
 Apportation              Tloc           0%         N/A       41%         1
 Necrotise                Necr           0%         1d4       41%         1
 Summon Small Mammal      Summ           0%         N/A       41%         1
 Blink                    Tloc           0%         N/A       54%         2
 Gell's Gravitas          Tloc           0%         N/A       78%         3
 Teleport Other           Tloc           0%         N/A       78%         3
 Manifold Assault         Tloc           0%         N/A       99%         4
 Dispersal                Tloc           0%         N/A       100%        6

Inventory:

Missiles
 g - 73 stones
 j - 3 boomerangs
 m - 2 atropa-tipped darts
 p - 6 datura-tipped darts
 y - 9 poisoned darts
Jewellery
 s - an amulet of magic regeneration
   (You found it on level 5 of the Dungeon)
 A - an amulet of the acrobat (around neck)
   (You found it on level 7 of the Dungeon)
 D - a +6 ring of dexterity (right hand)
   (You found it on level 7 of the Dungeon)
 I - a +6 ring of intelligence
   (You found it on level 7 of the Dungeon)
 O - a +2 ring of protection (left hand)
   (You bought it in a shop on level 4 of the Dungeon)
 T - an amulet of faith {!P}
   (You found it on level 5 of the Dungeon)
Talismans
 b - a beast talisman (active)
 c - a flux talisman
Wands
 a - a wand of flame (22)
   (You found it on level 4 of the Dungeon)
 v - a wand of polymorph (11)
   (You found it on level 5 of the Dungeon)
 w - a wand of acid (2)
   (You found it on level 6 of the Dungeon)
Scrolls
 d - 2 scrolls of fog
 f - a scroll of teleportation {@r4}
 h - 2 scrolls of vulnerability {!r!r}
 t - a scroll of poison {!r}
Potions
 e - 3 potions of heal wounds {@q2}
 i - a potion of degeneration {unknown}
 k - a potion of cancellation
 l - a potion of resistance
 n - a potion of berserk rage {!q}
 o - 3 potions of enlightenment
 q - a potion of attraction {!q}
 r - a potion of curing {@q1}
 u - 2 potions of might
 x - a potion of mutation {unknown}

Dungeon Overview and Level Annotations

Branches:
Dungeon (8/15) Zot: 26844  Temple (1/1) D:7 Zot: 5934
   Lair: D:8-11

Altars:
Ashenzari
Cheibriados
Dithmenos
Elyvilon
Fedhas
Hepliaklqana
Kikubaaqudgha
Makhleb
Qazlal
Ru
Sif Muna
Uskayaw
Vehumet
Wu Jian
Xom
Yredelemnul
Zin
The Shining One

Shops:
D:4 = D:6

? ## ##......##....#
## #........#....# .#
.####....# .......# .#
..##.....# #.....# ..
## .........# #.....#
.#g..
...##....###.....#oo.o
#.####..........##oo #
..# ##...###...#V#
##... ..## #.###
#...h##...... #..##
#.# ##...........
##..# #.# #.#####.####
##.###.# #.# ##.##.#
### ##.## #.## ###


You could see a vampire, a gnoll sergeant, an orc wizard and 4 orcs.


Message History

A killer bee comes into view.
A centaur warrior, an orc wizard and an orc come into view.
The orc wizard is wielding a +1 mace of pain.
The killer bee buzzes angrily.
The orc wizard shouts!
You hear a bellow!
You hear a shout!
You hear a horrible gurgling sound!
An orc comes into view. It is wielding a +0 flail.
A vampire comes into view.
The centaur warrior moves out of view.
The orc moves out of view. 😮 HP[+1]
You barely miss the killer bee. The killer bee barely misses you.
A red film seems to cover your vision as you go berserk!
You feel yourself moving faster!
You feel mighty! 😮 HP[+20]
You now have 96 max hp (+32).
You regained 20 hp, and now have 60/96 hp.
A centaur warrior is nearby!
You punch the centaur warrior! You tail-slap the centaur warrior!
The centaur warrior hits you.
The centaur warrior closely misses you. 😮 HP[-3]
You take 3 damage, and now have 57/96 hp.
You closely miss the centaur warrior. You tail-slap the centaur warrior!
The centaur warrior hits you. The centaur warrior kicks you. 😮 HP[-4]
You take 4 damage, and now have 53/96 hp.
Unknown command.
You barely miss the centaur warrior. The centaur warrior hits you.
The centaur warrior closely misses you. 😮 HP[-3]
You take 3 damage, and now have 50/96 hp.
You punch the centaur warrior! The centaur warrior barely misses you.
The centaur warrior closely misses you.
You barely miss the centaur warrior.
Your tail-slap misses the centaur warrior.
The centaur warrior hits you but does no damage.
The centaur warrior barely misses you.
You punch the centaur warrior! 😮 HP[+1]
You punch the centaur warrior!
You kill the centaur warrior!
Training target 10.0 for Shapeshifting reached!
Your Unarmed Combat skill increases to level 9!
Your Shapeshifting skill increases to level 10!
You miss the killer bee. Your punch misses the killer bee.
The killer bee barely misses you.
You punch the killer bee! The killer bee stings you. 😮 HP[-1]
You take 1 damage, and now have 50/96 hp.
You closely miss the killer bee.
You have got your breath back.
The killer bee stings you!
* * * LOW HITPOINT WARNING * * *
You are poisoned.
The killer bee poisons you! 😨 HP[-7]
You take 7 damage, and now have 43/96 hp.
You punch the killer bee!
You kill the killer bee!
You feel sick.
You hear a shout! x4
A sky beast and 2 orcs come into view.
You hear the faint creaking of a very distant portcullis.
You hear the slow hiss of a very distant avalanche of sand.
You feel sick.
The orc shouts! x3
The vampire completely misses you.
The vampire bites you but does no damage.
The sky beast flickers out of sight!
Deactivating autopickup; reactivate with Ctrl-A.
Things that are here:
a +2 heavy orcbow; a killer bee corpse; a centaur corpse 😨 HP[-1]
You take 1 damage, and now have 42/96 hp.
You closely miss the vampire. You tail-slap the vampire. The vampire hits you.
* * * LOW HITPOINT WARNING * * *
The vampire bites you but does no damage. 😨 HP[-5]
You take 5 damage, and now have 37/96 hp.
You punch the vampire!
You tail-slap the vampire, but do no damage.
You are no longer berserk.
You are exhausted.
You feel yourself slow down.
You feel sick. 😨 HP[-13]
You now have 64 max hp (-32).
You hit the vampire.
You feel sick. The vampire closely misses you. The vampire bites you.
* * * LOW HITPOINT WARNING * * *
The vampire draws strength from your injuries!
A gnoll sergeant comes into view. It is wielding a +0 spear. 😨 HP[-4]
You take 4 damage, and now have 20/64 hp.
You barely miss the vampire.
You feel sick.
An orc comes into view. It is wielding a +0 club.
The vampire hits you!
* * * LOW HITPOINT WARNING * * *
The vampire barely misses you. The vampire hits you.
* * * LOW HITPOINT WARNING * * *
The vampire bites you!
You die...

Skill      XL: |  1  2  3  4  5  6  7  8  9 |
---------------+----------------------------+-----
Shapeshifting  | 4 5 6 7 8 10 | 10.0
Unarmed Combat | 4 5 6 7 9 |  9.4
Fighting       | |  1.1
Dodging        | |  1.7

Action                     |  1- 3 |  4- 6 |  7- 9 || total
---------------------------+-------+-------+-------++-------
  Melee: Unarmed           |   131 |   110 |   270 ||   511
         Tailslap          |    10 |    11 |    45 ||    66
         Punch             |     4 |     2 |     9 ||    15
Ability: Breathe Dispellin |       |       |    26 ||    26
  Evoke: Wand              |       |       |     6 ||     6
    Use: Scroll            |     3 |     6 |     6 ||    15
         Potion            |     3 |     2 |     1 ||     6
   Stab: Sleeping          |       |     5 |     1 ||     6
         Distracted        |       |       |     1 ||     1
 Armour: Skin              |    29 |    27 |    90 ||   146
  Dodge: Dodged            |    83 |    67 |   165 ||   315
   Form: Flux              |       |     1 |       ||     1
         Beast             |       |       |     1 ||     1

Levels and vault maps discovered:
D:1:      heliophobic_arrival_glass_houses, layout_basic
D:2:      minmay_wonky_spiral, layout_loops_cross, eino_curves_02, minivault_5
D:3:      minmay_roachtagon, layout_loops_ring, slow_altar_1, serial_forest,
          infiniplex_forest_lined_room_2, infiniplex_forest_clump_small,
          infiniplex_forest_zigzag_2, infiniplex_forest_straight_3,
          infiniplex_forest_lined_3_way, infiniplex_forest_clump_medium,
          infiniplex_forest_clump_curved
D:4:      layout_basic, amcnicky_altar_gilded, minmay_misc_feat_rows,
          nicolae_shop_unique_rings, uniq_grinder, uniq_sigmund
D:5:      layout_loops_cross, nicolae_tso_swordbearing_angel, serial_undead,
          serial_undead_c, serial_undead_f, serial_undead_c, serial_undead_c
D:6:      layout_gridville, vehumet_statue, serial_shops, shop
D:7:      layout_rooms, nicolae_qazlal_scattered_showers,
          minmay_temple_entry_wispy
D:8:      layout_layer_cave, nemelex_diamond_rough_becter, lemuel_tele_altar,
          enter_ossuary_3, enter_bailey_8, minmay_pinched_square
Temple:   hc_temple_tempest_star

Notes
Turn   | Place    | Note
-------+----------+-------------------------------------------
     0 | D:1      | kae the Draconian Shapeshifter began the quest for the Orb.
     0 | D:1      | Reached XP level 1. HP: 16/16 MP: 1/1
     0 | D:1      | magus.rc [v1.11.3]
    94 | D:1      | Reached XP level 2. HP: 20/23 MP: 2/2
   269 | D:1      | Reached XP level 3. HP: 26/28 MP: 3/3
  1302 | D:2      | HP: 4/28 [orc/+0 mace (5)]
  1304 | D:2      | HP: 1/28 [orc/+0 mace (4)]
  1335 | D:2      | Reached skill level 4 in Shapeshifting
  1345 | D:2      | Reached XP level 4. HP: 25/35 MP: 4/4
  1595 | D:3      | You add the spells Blink and Manifold Assault to your
                  | library.
  1741 | D:3      | Found a snail-covered altar of Cheibriados.
  1756 | D:3      | Reached skill level 4 in Unarmed Combat
  2526 | D:4      | Noticed a scorpion
  2543 | D:4      | Killed a scorpion
  2544 | D:4      | Reached XP level 5. HP: 21/40 MP: 5/5
  2663 | D:4      | Noticed a centaur
  2675 | D:4      | Killed a centaur
  2676 | D:4      | Reached skill level 5 in Shapeshifting
  2676 | D:4      | Reached XP level 6. HP: 30/47 MP: 6/6
  2882 | D:4      | Noticed Grinder
  2884 | D:4      | Noticed Sigmund
  3008 | D:4      | Killed Sigmund
  3009 | D:4      | Reached skill level 5 in Unarmed Combat
  3180 | D:4      | Found a hazy altar of Hepliaklqana.
  3189 | D:4      | Paralysed by Grinder for 4 turns
  3202 | D:4      | HP: 11/46 [Grinder (7)]
  3204 | D:4      | Killed Grinder
  3205 | D:4      | Reached skill level 6 in Shapeshifting
  3205 | D:4      | Your scales start taking on a rich purple colour.
  3205 | D:4      | Reached XP level 7. HP: 12/52 MP: 7/7
  3529 | D:4      | Found Inerr's One-of-a-Kind Rings.
  3540 | D:4      | Bought a +2 ring of protection for 130 gold pieces
  3724 | D:5      | Entered Level 5 of the Dungeon
  3833 | D:5      | Reached skill level 6 in Unarmed Combat
  3843 | D:5      | Reached skill level 7 in Shapeshifting
  3843 | D:5      | Reached XP level 8. HP: 54/59 MP: 8/8
  4144 | D:5      | Found a glowing golden altar of the Shining One.
  4655 | D:6      | Reached skill level 8 in Shapeshifting
  4671 | D:6      | Reached skill level 7 in Unarmed Combat
  4807 | D:6      | You pick up a book of Cantrips and begin reading...
  4807 | D:6      | You add the spells Necrotise, Summon Small Mammal and
                  | Apportation to your library.
  4832 | D:6      | Found a radiant altar of Vehumet.
  4862 | D:6      | Found Damexzis's Magic Scroll Shoppe.
  4880 | D:6      | Bought a scroll of identify for 24 gold pieces
  4959 | D:6      | HP: 13/59 [orc priest/+0 flail (27)]
  6149 | D:6      | Reached XP level 9. HP: 64/64 MP: 9/9
  6211 | D:7      | Found a staircase to the Ecumenical Temple.
  6347 | Temple   | Entered the Ecumenical Temple
  6392 | Temple   | Became a worshipper of Ru the Awakened
  6540 | D:7      | Found a stormy altar of Qazlal.
  6569 | D:7      | HP: 14/64 [steam dragon (6)]
  6572 | D:7      | Reached skill level 9 in Shapeshifting
  6796 | D:7      | Reached skill level 8 in Unarmed Combat
  6882 | D:7      | You add the spells Gell's Gravitas, Teleport Other and
                  | Dispersal to your library.
  6995 | D:8      | Found a white marble altar of Elyvilon.
  7028 | D:8      | HP: 15/64 [kobold brigand/+0 dagger (3)]
  7113 | D:8      | Noticed a centaur warrior
  7123 | D:8      | Killed a centaur warrior
  7124 | D:8      | Reached skill level 9 in Unarmed Combat
  7124 | D:8      | Reached skill level 10 in Shapeshifting
  7132 | D:8      | HP: 12/64 [vampire (7)]
  7132 | D:8      | Slain by a vampire

Vanquished Creatures
  A centaur warrior (D:8)
  Grinder (D:4)
  Sigmund (D:4)
  A wyvern (D:8)
  A steam dragon (D:7)
  A water moccasin (D:8)
  3 sky beasts
  A black bear (D:4)
  2 ogres
  2 centaurs
  A phantom (D:5)
  A kobold brigand (D:8)
  3 bullfrogs
  A gnoll sergeant (D:7)
  4 scorpions
  A killer bee (D:8)
  5 howler monkeys
  A centaur zombie (D:5)
  2 bullfrog zombies (D:5)
  4 hounds
  3 orc priests
  2 sleepcaps (D:6)
  A centaur skeleton (D:5)
  3 iguanas
  3 orc wizards
  A scorpion zombie (D:5)
  A statue (D:6)
  A hound skeleton (D:5)
  A howler monkey zombie (D:5)
  A howler monkey skeleton (D:5)
  3 gnolls (D:7)
  3 adders
  2 white imps
  3 ufetubi
  3 worms (D:3)
  2 dart slugs
  22 orcs
  7 ball pythons
  9 endoplasms
  13 giant cockroaches
  8 goblins
  8 hobgoblins
  4 jackals (D:1)
  11 kobolds
  3 quokkas
  2 bats (D:3)
  3 frilled lizards
  6 rats
166 creatures vanquished.

Table legend:
 A = Non-vault XP
 B = Vault XP
 C = Vault XP percentage of total XP
 D = Non-vault monster count
 E = Vault monster count
 F = Vault count percentage of total count
                 A         B        C        D         E       F
            +---------+---------+-------+---------+---------+-------
      Total |    3448 |    1878 |  35.3 |     139 |      27 |  16.3
            +---------+---------+-------+---------+---------+-------
        D:1 |      53 |       0 |   0.0 |      30 |       0 |   0.0
        D:2 |      41 |       5 |  10.9 |      18 |       3 |  14.3
        D:3 |      45 |      23 |  33.8 |      16 |      10 |  38.5
        D:4 |     495 |     509 |  50.7 |      16 |       2 |  11.1
        D:5 |     793 |     262 |  24.8 |      16 |       8 |  33.3
        D:6 |     569 |      32 |   5.3 |      14 |       1 |   6.7
        D:7 |     897 |       0 |   0.0 |      21 |       0 |   0.0
        D:8 |     555 |    1047 |  65.4 |       8 |       3 |  27.3
            +---------+---------+-------+---------+---------+-------

Skill      XL: |  1  2  3  4  5  6  7  8  9 |
---------------+----------------------------+-----
Shapeshifting  | 4 5 6 7 8 10 | 10.0
Unarmed Combat | 4 5 6 7 9 |  9.4
Fighting       | |  1.1
Dodging        | |  1.7

Action                     |  1- 3 |  4- 6 |  7- 9 || total
---------------------------+-------+-------+-------++-------
  Melee: Unarmed           |   131 |   110 |   270 ||   511
         Tailslap          |    10 |    11 |    45 ||    66
         Punch             |     4 |     2 |     9 ||    15
Ability: Breathe Dispellin |       |       |    26 ||    26
  Evoke: Wand              |       |       |     6 ||     6
    Use: Scroll            |     3 |     6 |     6 ||    15
         Potion            |     3 |     2 |     1 ||     6
   Stab: Sleeping          |       |     5 |     1 ||     6
         Distracted        |       |       |     1 ||     1
 Armour: Skin              |    29 |    27 |    90 ||   146
  Dodge: Dodged            |    83 |    67 |   165 ||   315
   Form: Flux              |       |     1 |       ||     1
         Beast             |       |       |     1 ||     1

Illustrated notes

Table legend:
 A = Kills in this place as a percentage of kills in the entire game.
 B = Kills by you in this place as a percentage of kills by you in the entire game.
 C = Kills by friends in this place as a percentage of kills by friends in the entire game.
 D = Other kills in this place as a percentage of other kills in the entire game.
 E = Experience gained in this place as a percentage of experience gained in the entire game.
 F = Experience gained in this place divided by the number of levels of this place that you have seen.
                   A       B       C       D       E      F
               +-------+-------+-------+-------+-------+----------------------
         Total | 100.0 | 100.0 |   N/A |   N/A | 100.0 | 591.8
       Dungeon | 100.0 | 100.0 |   N/A |   N/A | 100.0 | 665.8
               +-------+-------+-------+-------+-------+----------------------

Table legend: (Time is in decaauts)
 A = Elapsed time spent in this place.
 B = Non-inter-level travel time spent in this place.
 C = Inter-level travel time spent in this place.
 D = Time resting spent in this place.
 E = Time spent auto-exploring this place.
 F = Levels seen in this place.
 G = Mean time per level.
                   A        B        C        D        E       F      G
               +--------+--------+--------+--------+--------+-----+--------+
         Total |   7085 |   6751 |    334 |    925 |   4498 |   9 |  787.2 |
       Dungeon |   7020 |   6725 |    295 |    925 |   4473 |   8 |  877.5 |
        Temple |     65 |     26 |     39 |      0 |     25 |   1 |   65.0 |
               +--------+--------+--------+--------+--------+-----+--------+

Top non-repeatable levels by time:
     D:6: 1344 daAuts
     D:4: 1219 daAuts
     D:5: 1109 daAuts
     D:3: 1072 daAuts
     D:2: 796 daAuts
     D:7: 700 daAuts
     D:1: 623 daAuts
     D:8: 154 daAuts
  Temple: 65 daAuts
